 Dungeon Crawl Stone Soup version 0.17-a0-1942-g46ae386 (webtiles) character file.

135 ololoev the Chopper (level 5, 0/47 HPs)
             Began as a Hill Orc Fighter on Sept 30, 2015.
             Succumbed to an orc wizard's poison
             ... on level 3 of the Dungeon.
             The game lasted 00:05:46 (710 turns).

ololoev the Chopper (Hill Orc Fighter)               Turns: 710, Time: 00:05:47

Health: 0/47       AC:  8    Str: 20    XL:     5   Next: 18%
Magic:  5/5        EV: 14    Int:  8    God:
Gold:   35         SH:  0    Dex: 15    Spells: 0 memorised, 4 levels left

rFire  . . .     SeeInvis .     a - +0 war axe
rCold  . . .     Clarity  .     b - +0 scale mail
rNeg   . . .     SustAt   .     (no shield)
rPois  .         Gourm    .     (no helmet)
rElec  .         Spirit   .     (no cloak)
rCorr  .         Warding  .     g - +0 pair of gloves (curse)
rMut   .         Stasis   .     (no boots)
MR     .....                    f - amulet of faith
Stlth  +.........               (no ring)
                                c - ring of flight

@: agile, lethally poisoned (0 -> -46), not resistant to hostile enchantments,
very unstealthy
A: no striking features
a: Evoke Flight

Inventory:

Hand weapons
 a - a +0 war axe (weapon)
Armour
 b - a +0 scale mail (worn)
 g - a cursed +0 pair of gloves (worn)
 i - a cursed +0 pair of gloves
Jewellery
 c - a ring of flight (left hand)
 f - an amulet of faith (around neck)
Scrolls
 d - a scroll of identify {unknown}
Comestibles
 e - a bread ration
 k - 3 chunks of flesh


   Skills:
 + Level 4.6 Fighting
 * Level 4.9 Axes
 + Level 4.4 Armour
   Level 3.2 Shields


You had 4 spell levels left.
You didn't know any spells.


You were on level 3 of the Dungeon.
You were not hungry.

You visited 1 branch of the dungeon, and saw 3 of its levels.

You collected 35 gold pieces.

... . ...# .. ... ... ..
....##.###### ...<...#....#
......{o....# ......)@....#
.# #.# ......S)....# .# #.#
............# #.# #.#
......#.....##+#.## ### #.#
......##..........# ≈≈# #.#
..........#.......# ..####.#
######....#†......# ...._#.#
#...+............# ###
..####.####.###...#.....)..#
#..

Notes
Turn   | Place    | Note
--------------------------------------------------------------
     0 | D:1      | ololoev the Hill Orc Fighter began the quest for the Orb.
     0 | D:1      | Reached XP level 1. HP: 19/19 MP: 1/1
   201 | D:2      | Reached XP level 2. HP: 25/27 MP: 2/2
   318 | D:2      | Found a shattered altar of Ashenzari.
   319 | D:2      | Found a radiant altar of Vehumet.
   350 | D:3      | Noticed Jessica
   356 | D:3      | Killed Jessica
   356 | D:3      | Reached skill level 4 in Fighting
   356 | D:3      | Reached XP level 3. HP: 15/33 MP: 3/3
   423 | D:3      | Found an ancient bone altar of Kikubaaqudgha.
   488 | D:3      | Noticed ololoev's ghost (weakling HOFi)
   494 | D:3      | Reached XP level 4. HP: 35/40 MP: 4/4
   501 | D:3      | HP: 1/40 [orc/morningstar of protection (4)]
   502 | D:3      | Killed ololoev's ghost
   523 | D:2      | HP: 1/41 [kobold (2)]
   539 | D:2      | HP: 2/41 [goblin (2)]
   623 | D:3      | Reached XP level 5. HP: 13/47 MP: 5/5
   710 | D:3      | Succumbed to an orc wizard's poison

Dungeon Overview and Level Annotations

Branches:
Dungeon (3/15)

Altars:
Ashenzari
Kikubaaqudgha
Vehumet


Message History

You hit something. Something hits you but does no damage.
You are poisoned.
Something hits you but does no damage.
You are lethally poisoned!
The orc misses you. The orc hits you with a short sword.
The adder barely misses you.
You closely miss the adder. You hit the orc.
The orc is heavily wounded.
You miss something.
Your scale mail prevents you from hitting the orc.
The orc is almost dead.
You feel sick. The adder barely misses you. The orc closely misses you.
The orc hits you with a short sword. Something hits you but does no damage.
You are more poisoned.
The adder misses you.
You barely miss the adder.
Your scale mail prevents you from hitting the orc.
The orc is almost dead.
You miss something. You hit the orc.
You kill the orc!
You feel very sick. Something hits you but does no damage.
You are more poisoned.
The orc misses you. The adder misses you.
You hear some strange, mumbled words.
A magic dart appears from out of thin air!
The magic dart hits you! The orc closely misses you.
You miss the adder. You barely miss something.
You hit the orc but do no damage.
The orc is almost dead.
You feel very sick. Something hits you but does no damage.
You are more poisoned.
The adder misses you. Something hits you but does no damage.
You are more poisoned.
The orc barely misses you. The adder barely misses you.
You barely miss the adder. You closely miss something.
You hit the orc but do no damage.
The orc is severely wounded.
You die...

You could see an adder and an orc.

Vanquished Creatures
  The ghost of ololoev the Covered, a weakling HOFi (D:3)
  Jessica (D:3)
  An adder (D:3)
  An ooze (D:1)
  A worm (D:3)
  2 giant geckos (D:3)
  7 orcs (D:3)
  A bat zombie (D:3)
  A giant cockroach (D:3)
  6 hobgoblins
  A quokka (D:2)
  2 ball pythons
  2 bats
  3 giant newts
  3 goblins (D:2)
  4 kobolds
  2 rat zombies (D:3)
39 creatures vanquished.

Action                   |  1- 3 |  4- 6 || total
-------------------------+-------+-------++-------
Melee: War axe           |    57 |    58 ||   115
  Use: Scroll            |     1 |       ||     1
       Potion            |     4 |     2 ||     6

Vault maps used:
D:1:      mrwooster_arrival_statue, corexii_leaking_fountain
D:2:      gammafunk_temple_overflow_statue
D:3:      lemuel_zombie_altar_kikubaaqudgha, led_sif_pool, grunt_ministairs_14,
          uniq_jessica
